 Dungeon Crawl Stone Soup version 0.31.0-11-ge490571c62 (console) character file.

Game seed: 4650350607794180586

415 AlterAsc the Carver (level 6, -6/35 HPs)
             Began as a Tengu Gladiator on Feb 10, 2024.
             Mangled by an ogre
             ... wielding a +0 giant club
              (21 damage)
             ... on level 5 of the Dungeon.
             The game lasted 00:07:26 (3642 turns).

AlterAsc the Carver (Tengu Gladiator)               Turns: 3642, Time: 00:07:27

Health: -6/35      AC:  9    Str: 14    XL:     6   Next: 92%
Magic:  7/7        EV:  8    Int:  8    God:
Gold:   253        SH:  0    Dex: 18    Spells: 5/5 levels left

rFire   . . .        a - +0 long sword
rCold   . . .        (no shield)
rNeg    . . .        u - +0 chain mail
rPois   .            c - +0 hat
rElec   .            (no cloak)
rCorr   .            j - +0 pair of gloves
SInv    .            (boots unavailable)
Will    .....        (no amulet) Stlth
                     (no ring)
HPRegen 0.25/turn    (no ring)
MPRegen 0.10/turn

%: acrobat
@: no status effects
A: beak, talons 3, acrobatic
a: no special abilities


You were on level 5 of the Dungeon.
You visited 2 branches of the dungeon, and saw 6 of its levels.

You collected 253 gold pieces.

Inventory:

Hand Weapons
 a - a +0 long sword (weapon)
Missiles
 d - 2 throwing nets (quivered)
 e - a javelin
 B - 5 poisoned darts
Armour
 b - a +0 leather armour
 c - a +0 hat (worn)
 j - a +0 pair of gloves (worn)
 u - a +0 chain mail (worn)
 A - a +0 leather armour of poison resistance
Jewellery
 s - an amulet of magic regeneration
Talismans
 t - a granite talisman
Wands
 q - a wand of digging (7)
 y - a wand of polymorph (8)
Scrolls
 f - 3 scrolls of poison {unknown}
 h - a scroll of brand weapon {unknown}
 i - a scroll of enchant armour {unknown}
 k - 3 scrolls of identify
 p - a scroll of enchant weapon {unknown}
 v - a scroll of amnesia {unknown}
 x - a scroll of summoning {unknown}
Potions
 l - a potion of heal wounds {unknown}
 m - a potion of brilliance {unknown}
 n - a potion of mutation {unknown}
 o - 2 potions of invisibility {unknown}
 r - 2 potions of might {unknown}
 w - a potion of attraction {unknown}
 z - a potion of degeneration {unknown}


   Skills:
 - Level 2.0 Fighting
 + Level 8.3 Long Blades
 - Level 2.0 Throwing
 - Level 3.2 Dodging


You had 5 spell levels left.
You didn't know any spells.
Your spell library contained the following spells:

 Spells                   Type           Power      Damage    Failure   Level
 Blink                    Tloc           0%         N/A       100%        2
 Lesser Beckoning         Tloc           0%         N/A       100%        2
 Momentum Strike          Conj/Tloc      0%         3d8       100%        2
 Inner Flame              Hex/Fire       0%         N/A       100%        3
 Flame Wave               Conj/Fire      0%         2d4       100%        4
 Sticky Flame             Fire/Alch      0%         2d4       100%        4


Dungeon Overview and Level Annotations

Branches:
Dungeon (5/15)             Temple (1/1) D:4

Altars:
Ashenzari
Cheibriados
Elyvilon
Hepliaklqana
Kikubaaqudgha
Makhleb
Nemelex Xobeh
Okawaru
Ru
Sif Muna
Trog
Uskayaw
Vehumet
Zin


Innate Abilities, Weirdness & Mutations

You have a beak for a mouth.
You have claws for feet.
You can magically evade attacks while moving or waiting.


Message History

Items here: )) [ †.
Okay, then.
You see here a +0 club.
You start resting.
You hear the brisk rusting of a drain nearby.
You start resting.
You hear the brisk rusting of a drain nearby.
You open the door.
There is an open door here.
There is an open door here.
A quokka is nearby!
A quokka is nearby!
A quokka is nearby!
The quokka twitches its whiskers.
You slash the quokka!
You kill the quokka!
No target in view!
You open the door.
Found 3 boomerangs.
There is an open door here.
You see here 3 boomerangs.
An ogre comes into view. It is wielding a +0 giant club.
The ogre shouts!
The ogre hits you with a +0 giant club!!
Ouch! That really hurt!
Hit: a) +0 long sword
Press: ? - help, Dir - move target, f - ogre
Aim: an ogre, wielding a +0 giant club (about 22% to evade your +0 long sword)
You slash the ogre!
The ogre is heavily wounded.
You hear the brisk rusting of a drain very nearby.
Hit: a) +0 long sword
Press: ? - help, Dir - move target, f/p - ogre
Aim: an ogre, wielding a +0 giant club (heavily wounded, about 22% to evade your +0 long sword)
Okay, then.
You hit the ogre.
The ogre is severely wounded.
The ogre hits you with a +0 giant club!!
Ouch! That really hurt!
You die...

#....# ###.## #.# ###
# #. .### #########
..## ##.....#.# #..##
#.(..#.#.######...####
................@....+
#.......#######O..####
#...##.## #....#
##.##### #..#.# #.#
#..#.# #.# #..#.# #.#
#.##.# #.# #. .# #.#
#.# #.#


You could see an ogre.

Vanquished Creatures
  A black bear (D:4)
  A scorpion (D:4)
  A jelly (D:5)
  2 orc priests (D:5)
  An iguana (D:4)
  2 orc wizards
  4 adders
  2 ufetubi (D:4)
  2 dart slugs
  3 ribbon worms
  6 orcs
  5 ball pythons
  2 endoplasms
  A giant cockroach (D:4)
  5 goblins
  4 hobgoblins
  2 jackals (D:2)
  2 quokkas
  3 bats
  3 frilled lizards
  5 kobolds
  5 rats (D:1)
62 creatures vanquished.

Notes
Turn   | Place    | Note
-------+----------+-------------------------------------------
     0 | D:1      | AlterAsc the Tengu Gladiator began the quest for the Orb.
     0 | D:1      | Reached XP level 1. HP: 12/12 MP: 2/2
   237 | D:1      | Reached XP level 2. HP: 14/17 MP: 3/3
   245 | D:1      | Reached skill level 4 in Long Blades
   877 | D:2      | Reached XP level 3. HP: 21/21 MP: 4/4
   892 | D:2      | Found a faded altar of an unknown god.
  1208 | D:2      | Reached skill level 5 in Long Blades
  1391 | D:2      | Reached XP level 4. HP: 26/26 MP: 5/5
  2540 | D:4      | Reached skill level 6 in Long Blades
  2540 | D:4      | Reached XP level 5. HP: 3/30 MP: 6/6
  2695 | D:4      | Noticed a black bear
  2948 | D:4      | Found a staircase to the Ecumenical Temple.
  2957 | D:4      | Killed a black bear
  2958 | D:4      | Reached skill level 7 in Long Blades
  2958 | D:4      | Reached XP level 6. HP: 28/35 MP: 7/7
  3288 | D:5      | Entered Level 5 of the Dungeon
  3369 | Temple   | Entered the Ecumenical Temple
  3517 | D:5      | Reached skill level 8 in Long Blades
  3642 | D:5      | Mangled by an ogre

Illustrated notes

Levels and vault maps discovered:
D:1:      nagdon_arrival_zigzag_paths, layout_loops_ring,
          minmay_misc_feat_roman, chequers_serial_rivers_micro_a
D:2:      layout_loops_ring, shapermc_ecumenical_altar_totnotflames
D:3:      layout_basic
D:4:      layout_basic, minmay_temple_entry_from_below_b
D:5:      wad_lake_hut, layout_loops_corners, portal_sewer_entry_f
Temple:   eino_temple_water

Skill      XL: |  1  2  3  4  5  6 |
---------------+-------------------+-----
Long Blades    | 4 5 6 7 8 |  8.3
Fighting       | |  2.0
Throwing       | |  2.0
Dodging        | |  3.2

Action                     |  1- 3 |  4- 6 || total
---------------------------+-------+-------++-------
  Melee: Long sword        |    67 |    97 ||   164
         Kick              |    10 |    26 ||    36
         Peck              |     5 |    18 ||    23
         Punch             |       |     2 ||     2
  Throw: Throwing net      |       |     2 ||     2
    Use: Potion            |       |     2 ||     2
         Scroll            |       |     1 ||     1
   Stab: Sleeping          |     1 |       ||     1
 Armour: Leather armour    |    19 |    24 ||    43
         Chain mail        |       |    73 ||    73
  Dodge: Dodged            |    48 |    77 ||   125
